 Dungeon Sprint DCSS version 0.29.1-2-gbd0b4ee654 (webtiles) character file.

Game seed: 2153698279418103788

10800000 Ashen the Conqueror (level 27, 103/228 HPs)
             Began as a Djinni Warper on Oct 25, 2022.
             Was the Champion of Makhleb.
             Got out of the dungeon alive.
             The game lasted 00:04:34 (108 turns).

Ashen the Conqueror (Djinni Warper)                  Turns: 108, Time: 00:04:35

Health: 103/228    AC:  6    Str: 10    XL:     27
Gold:   0          EV: 25    Int: 28    God:    Makhleb [******] SH:  0 Dex: 14

rFire   + + .      SeeInvis +   i - +∞ Axe of Woe
rCold   x . .      Faith    .   (shield currently unavailable)
rNeg    . . .      Spirit   .   b - +0 leather armour
rPois   ∞          Reflect  .   (no helmet)
rElec   .          Harm     .   (no cloak)
rCorr   .          Rampage  .   (no gloves)
Will    ++...      NoTele   +   (boots unavailable)
Stlth   +++++++++.              (no amulet)
HPRegen 0.48/turn               j - ring of see invisible
MPRegen 0.00/turn               (no ring)

@: flying
A: sickness immunity, fire resistance 2, cold vulnerability 1, float, innate
caster, HP casting, extra vitality 1
a: Renounce Religion, Minor Destruction, Lesser Servant of Makhleb, Major
Destruction, Greater Servant of Makhleb


You escaped.
You worshipped Makhleb.
Makhleb was exalted by your worship.
You visited 1 branch

Inventory:

Hand Weapons
 a - a +0 hand axe
 i - the +∞ Axe of Woe (weapon)
   (You found it in the Dungeon)
Missiles
 d - 7 boomerangs of dispersal (quivered)
Armour
 b - a +0 leather armour (worn)
Jewellery
 j - a ring of see invisible (left hand)
Scrolls
 c - 2 scrolls of blinking
Potions
 e - a potion of curing
 f - a potion of heal wounds
 g - a potion of haste
 h - a potion of berserk rage


   Skills:
 O Level 27 Fighting
 O Level 27 Short Blades
 O Level 27 Long Blades
 O Level 27 Axes
 O Level 27 Maces & Flails
 O Level 27 Polearms
 O Level 27 Staves
 O Level 27 Ranged Weapons
 O Level 27 Throwing
 O Level 27 Armour
 O Level 27 Dodging
 O Level 27 Stealth
 O Level 27 Shields
 O Level 27 Unarmed Combat
 O Level 27 Spellcasting
 O Level 27 Invocations
 O Level 27 Evocations


You couldn't memorise any spells.
You knew the following spells:

 Your Spells              Type           Power      Damage    Failure   Level
a - Blink                 Tloc           100%       N/A       0%          2
b - Lesser Beckoning      Tloc           100%       N/A       0%          3
c - Gell's Gravitas       Tloc           100%       N/A       0%          3
d - Teleport Other        Tloc           100%       N/A       0%          3
e - Manifold Assault      Tloc           100%       N/A       0%          5
f - Sandblast             Erth           100%       2d20      0%          1
g - Call Imp              Summ           100%       N/A       0%          2
h - Poisonous Vapours     Pois/Air       100%       N/A       0%          2
i - Passage of Golubria   Tloc           100%       N/A       0%          4
j - Cause Fear            Hex            56%        N/A       0%          4
k - Lightning Bolt        Conj/Air       56%        1d78      0%          5
l - Death Channel         Necr           56%        N/A       0%          6
m - Enfeeble              Hex            56%        N/A       0%          7
n - Dispersal             Tloc           56%        N/A       0%          6
o - Monstrous Menagerie   Summ           56%        N/A       0%          7
p - Ozocubu's Refrigerat  Ice            56%        4d19      0%          7
q - Disjunction           Tloc           56%        N/A       1%          8
r - Chain Lightning       Conj/Air       56%        3d74      1%          9
Your spell library was empty.

Dungeon Overview and Level Annotations

Branches:
Dungeon (1/1)

Altars:
Makhleb


Innate Abilities, Weirdness & Mutations

You are immune to sickness and miasma.
You are immune to poison.
Your flesh is very heat resistant. (rF++)
You are vulnerable to cold. (rC-)
You float through the air rather than walking.
You learn spells naturally, not from books.
Your magical power is your life essence.
You have superior vitality. (+4 MHP)


Message History

You kill the bag of meat!
Makhleb accepts your kill.
You feel better.
You slash the meat berserker!
You cleave the meat berserker in twain.
You kill the meat berserker!
Makhleb accepts your kill.
You hit the meat beast but do no damage.
You slaughter the meat beast joyfully.
You kill the meat beast!
Makhleb accepts your kill.
You hear a shout!
You hear two shouts!
You hear a shout! x6
An eight-headed meat hydra comes into view.
A tyrant comes into view.
A bag of meat comes into view. It is wielding a +9 war axe.
You hear a roar!
You hear a shout!
An observer, a large bag of meat and a meat beast come into view.
The scourge appears out of thin air!
A scourge comes into view.
You hear an angry hiss.
You hear a shout! x6
A meat berserker comes into view. It is wielding a +9 battleaxe.
A bag of meat comes into view. It is wielding a +9 war axe.
You hear a shout! x2
The tyrant waves its bony arms in wide circles.
The air twists around and strikes you!!
A bag of meat comes into view. It is wielding a +9 war axe.
You hear a shout!
The observer moves out of view.
You hear a shout! x2; You hear a roar!
There is a staircase leading out of the dungeon here.
Things that are here:
a +9 war axe; a +30 ring of slaying Are you sure you want to leave the Dungeon?
This will make you lose the game!
You hear a roar!
The meat beast hisses, "Give in, thou mewling rude-growing pumpion!"
You hear a shout! x5
The eight-headed meat hydra calls on the powers of darkness!
The eight-headed meat hydra convulses!
Your body is wracked with pain!
The meat berserker rages.
You hear a shout! x2; You hear a hideous shriek!
You hear a shout! x4
You have escaped!

.))))).........).)...
.)...).))).)))..D....
)...))..#......)#†... ..
.)#)..).#......)#.))....
...)..###..)..))###))...
o........###)))†......
#..)....._.)))o.)....
.).).)#.....#))..§..#
......#_.@._#..).....
......#).).)#§.....#.
#....))..S..)).......
......))###.2.......#
...###... ..)###...).
#.L ..O# .... #O. ...#
o. .....


You could see a meat beast (fast), a tyrant, an eight-headed meat hydra, a
scourge (wandering), a large bag of meat (inner flame), a meat berserker
(berserk) and 2 bags of meat.

Vanquished Creatures
  Sigmund (D)
  8 hell beasts (D)
  4 royal mummies (D)
  A great orb of eyes (D)
  6 wraiths (D)
  16 vampire knights (D)
  49 ogres (D)
  5 two-headed ogres (D)
  4 liches (D)
  4 hydras (D)
  7 phantoms (D)
  66 orcs (D)
  6 skeletal warriors (D)
  Harold (D)
178 creatures vanquished.

Notes
Turn   | Place    | Note
-------+----------+-------------------------------------------
     0 | D        | Found the +∞ Axe of Woe
     0 | D        | Ashen the Djinni Warper began the quest for the Orb.
     0 | D        | Ashen set off with the following spells memorised: Blink,
                  | Lesser Beckoning, Gell's Gravitas, Teleport Other, Manifold
                  | Assault.
     0 | D        | Reached XP level 1. HP: 18/18 MP: 0/0
     2 | D        | Became a worshipper of Makhleb the Destroyer
     2 | D        | Noticed a bag of meat
     3 | D        | Noticed a meat berserker
     3 | D        | Noticed a bag of meat
     4 | D        | Noticed a bag of meat
     4 | D        | Noticed a bag of meat
     6 | D        | Noticed a bag of meat
     7 | D        | Noticed a bag of meat
     8 | D        | Noticed a meat berserker
     8 | D        | Noticed a bag of meat
     9 | D        | Noticed a meat berserker
    10 | D        | Killed a meat berserker
    10 | D        | Killed a bag of meat
    10 | D        | Reached * piety under Makhleb
    10 | D        | Noticed a bag of meat
    10 | D        | Noticed a bag of meat
    11 | D        | Reached skill level 15 in Spellcasting
    11 | D        | Reached XP level 2. HP: 48/48 MP: 0/0
    11 | D        | Reached XP level 3. HP: 54/54 MP: 0/0
    11 | D        | Learned a level 1 spell: Sandblast
    11 | D        | Reached XP level 4. HP: 60/60 MP: 0/0
    11 | D        | Reached XP level 5. HP: 66/66 MP: 0/0
    11 | D        | Learned a level 2 spell: Call Imp
    11 | D        | Reached XP level 6. HP: 73/73 MP: 0/0
    11 | D        | Reached XP level 7. HP: 78/78 MP: 0/0
    11 | D        | Learned a level 2 spell: Poisonous Vapours
    11 | D        | Reached XP level 8. HP: 85/85 MP: 0/0
    11 | D        | Reached XP level 9. HP: 91/91 MP: 0/0
    11 | D        | Learned a level 4 spell: Passage of Golubria
    11 | D        | Reached XP level 10. HP: 97/97 MP: 0/0
    11 | D        | Reached XP level 11. HP: 103/103 MP: 0/0
    11 | D        | Learned a level 4 spell: Cause Fear
    11 | D        | Reached XP level 12. HP: 110/110 MP: 0/0
    11 | D        | Reached XP level 13. HP: 115/115 MP: 0/0
    11 | D        | Learned a level 5 spell: Lightning Bolt
    11 | D        | Killed a meat berserker
    11 | D        | Killed a bag of meat
    11 | D        | Killed a bag of meat
    11 | D        | Reached ** piety under Makhleb
    11 | D        | Killed a bag of meat
    12 | D        | Reached XP level 14. HP: 132/132 MP: 0/0
    12 | D        | Reached XP level 15. HP: 139/139 MP: 0/0
    12 | D        | Learned a level 6 spell: Death Channel
    12 | D        | Killed a meat berserker
    12 | D        | Reached *** piety under Makhleb
    12 | D        | Noticed a meat berserker
    12 | D        | Noticed a meat berserker
    13 | D        | Reached XP level 16. HP: 152/152 MP: 0/0
    13 | D        | Reached **** piety under Makhleb
    14 | D        | Killed a meat berserker
    14 | D        | Killed a meat berserker
    14 | D        | Reached ***** piety under Makhleb
    14 | D        | Noticed a meat berserker
    15 | D        | Reached skill level 27 in Fighting
    15 | D        | Reached XP level 17. HP: 160/160 MP: 0/0
    15 | D        | Learned a level 7 spell: Enfeeble
    15 | D        | Killed a meat berserker
    15 | D        | Noticed a meat berserker
    16 | D        | Reached skill level 27 in Axes
    16 | D        | Reached skill level 27 in Spellcasting
    16 | D        | Reached XP level 18. HP: 167/167 MP: 0/0
    16 | D        | Killed a meat berserker
    18 | D        | Reached ****** piety under Makhleb
    19 | D        | Reached skill level 10 in Armour
    19 | D        | Reached XP level 19. HP: 174/174 MP: 0/0
    19 | D        | Learned a level 6 spell: Dispersal
    19 | D        | Noticed a destroyer
    19 | D        | Killed a destroyer
    19 | D        | Noticed a meat berserker
    20 | D        | Reached skill level 15 in Throwing
    20 | D        | Reached skill level 27 in Dodging
    20 | D        | Noticed a meat berserker
    21 | D        | Noticed a large bag of meat
    21 | D        | Killed a meat berserker
    21 | D        | Killed a large bag of meat
    22 | D        | Reached XP level 20. HP: 181/181 MP: 0/0
    22 | D        | Killed a meat berserker
    22 | D        | Noticed a large bag of meat
    22 | D        | Noticed a large bag of meat
    23 | D        | Reached XP level 21. HP: 187/187 MP: 0/0
    23 | D        | Learned a level 7 spell: Monstrous Menagerie
    23 | D        | Killed a large bag of meat
    23 | D        | Killed a large bag of meat
    24 | D        | Reached skill level 27 in Throwing
    24 | D        | Reached skill level 27 in Armour
    24 | D        | Noticed a meat berserker
    24 | D        | Noticed a meat berserker
    24 | D        | Noticed a meat berserker
    24 | D        | Noticed a large bag of meat
    25 | D        | Reached XP level 22. HP: 194/194 MP: 0/0
    25 | D        | Killed a meat berserker
    25 | D        | Killed a meat berserker
    25 | D        | Killed a meat berserker
    25 | D        | Killed a large bag of meat
    25 | D        | Noticed a meat berserker
    26 | D        | Reached skill level 10 in Maces & Flails
    26 | D        | Reached skill level 10 in Polearms
    26 | D        | Reached skill level 10 in Ranged Weapons
    26 | D        | Reached XP level 23. HP: 201/201 MP: 0/0
    26 | D        | Learned a level 7 spell: Ozocubu's Refrigeration
    26 | D        | Noticed a destroyer
    27 | D        | Killed a destroyer
    29 | D        | Reached skill level 15 in Short Blades
    29 | D        | Reached skill level 15 in Shields
    29 | D        | Reached skill level 15 in Unarmed Combat
    29 | D        | Reached skill level 15 in Invocations
    29 | D        | Reached skill level 15 in Evocations
    30 | D        | Noticed a destroyer
    31 | D        | Reached skill level 15 in Maces & Flails
    31 | D        | Reached skill level 15 in Polearms
    31 | D        | Reached skill level 15 in Ranged Weapons
    31 | D        | Reached XP level 24. HP: 208/208 MP: 0/0
    31 | D        | Noticed The Servant
    32 | D        | Killed a destroyer
    33 | D        | Noticed a destroyer
    33 | D        | Noticed a large bag of meat
    34 | D        | Reached XP level 25. HP: 214/214 MP: 0/0
    34 | D        | Learned a level 8 spell: Disjunction
    34 | D        | Killed a destroyer
    34 | D        | Killed a large bag of meat
    36 | D        | Reached XP level 26. HP: 221/221 MP: 0/0
    36 | D        | Noticed a destroyer
    36 | D        | Killed a destroyer
    36 | D        | Killed The Servant
    38 | D        | Reached XP level 27. HP: 228/228 MP: 0/0
    38 | D        | Learned a level 9 spell: Chain Lightning
    39 | D        | Noticed a destroyer
    40 | D        | Killed a destroyer
    41 | D        | Noticed a destroyer
    42 | D        | Killed a destroyer
    43 | D        | Noticed a destroyer
    43 | D        | Killed a destroyer
    44 | D        | Noticed a destroyer
    45 | D        | Noticed a destroyer
    47 | D        | Killed a destroyer
    48 | D        | Reached skill level 27 in Shields
    48 | D        | Reached skill level 27 in Unarmed Combat
    48 | D        | Reached skill level 27 in Invocations
    48 | D        | Reached skill level 27 in Evocations
    48 | D        | Noticed a tyrant
    51 | D        | Reached skill level 27 in Short Blades
    52 | D        | Killed a tyrant
    52 | D        | Killed a destroyer
    53 | D        | Reached skill level 27 in Long Blades
    53 | D        | Reached skill level 27 in Maces & Flails
    53 | D        | Reached skill level 27 in Polearms
    53 | D        | Reached skill level 27 in Staves
    53 | D        | Reached skill level 27 in Ranged Weapons
    53 | D        | Reached skill level 27 in Stealth
    60 | D        | Noticed a dread
    63 | D        | Noticed The Captor
    63 | D        | Noticed a meat beast
    65 | D        | Noticed a meat beast
    67 | D        | Noticed a destroyer
    67 | D        | Noticed a dread
    67 | D        | Noticed a meat beast
    68 | D        | Noticed a meat beast
    68 | D        | Killed The Captor
    68 | D        | Noticed a tyrant
    69 | D        | Killed a tyrant
    69 | D        | Killed a meat beast
    69 | D        | Noticed a dread
    69 | D        | Noticed a destroyer
    70 | D        | Killed a meat beast
    70 | D        | Killed a meat beast
    71 | D        | Killed a destroyer
    71 | D        | Killed a dread
    72 | D        | Killed a destroyer
    72 | D        | Noticed a dread
    73 | D        | Noticed a dread
    73 | D        | Killed a dread
    73 | D        | Killed a dread
    74 | D        | Killed a meat beast
    75 | D        | Killed a dread
    76 | D        | Killed a dread
    78 | D        | Noticed a destroyer
    78 | D        | Noticed a dread
    79 | D        | Killed a destroyer
    81 | D        | Killed a dread
    82 | D        | Noticed a tyrant
    84 | D        | Noticed a meat beast
    85 | D        | Killed a meat beast
    87 | D        | Killed a tyrant
    91 | D        | Noticed a meat beast
    92 | D        | Killed a meat beast
    92 | D        | Noticed a meat beast
    93 | D        | Killed a meat beast
    95 | D        | Noticed a destroyer
    95 | D        | Noticed a destroyer
    95 | D        | Noticed a tyrant
    95 | D        | Noticed a destroyer
    96 | D        | Killed a destroyer
    96 | D        | Killed a destroyer
    97 | D        | Noticed an accursed
    97 | D        | Killed a destroyer
    97 | D        | Killed an accursed
    97 | D        | Killed a tyrant
   101 | D        | Noticed an accursed
   101 | D        | Killed an accursed
   102 | D        | Noticed an accursed
   103 | D        | Noticed an accursed
   103 | D        | Killed an accursed
   103 | D        | Killed an accursed
   104 | D        | Noticed a meat beast
   105 | D        | Killed a meat beast
   105 | D        | Noticed a tyrant
   106 | D        | Noticed a large bag of meat
   106 | D        | Noticed a meat beast
   108 | D        | Got out of the dungeon alive.

Illustrated notes

Levels and vault maps discovered:
D:        meatsprint

Skill      XL: |  1  2  3  4  5  6  7  8  9 10 11 12 13 14 15 16 17 18 19 20 21 22 23 24 25 26 27 |
---------------+----------------------------------------------------------------------------------+-----
Fighting       | 18 23 26 27 | 27.0
Axes           | 16 20 22 26 27 | 27.0
Spellcasting   | 15 18 21 24 27 | 27.0
Throwing       | 7 12 22 26 27 | 27.0
Armour         | 6 10 19 23 27 | 27.0
Dodging        | 16 25 27 | 27.0
Short Blades   | 8 12 17 19 21 23 27 | 27.0
Long Blades    | 8 11 16 18 20 22 27 | 27.0
Maces & Flails | 7 10 15 16 18 20 27 | 27.0
Polearms       | 7 10 15 16 18 20 27 | 27.0
Staves         | 8 11 16 18 20 22 27 | 27.0
Ranged Weapons | 7 10 15 16 18 20 27 | 27.0
Stealth        | 8 11 16 18 20 22 27 | 27.0
Shields        | 8 12 17 19 21 24 27 | 27.0
Unarmed Combat | 8 12 17 19 21 24 27 | 27.0
Invocations    | 8 12 17 19 21 24 27 | 27.0
Evocations     | 8 12 17 19 21 24 27 | 27.0

Action                   |  1- 3 |  4- 6 |  7- 9 | 10-12 | 13-15 | 16-18 | 19-21 | 22-24 | 25-27 || total
-------------------------+-------+-------+-------+-------+-------+-------+-------+-------+-------++-------
Melee: Executioner's axe |     1 |       |       |       |     8 |    13 |    17 |    18 |   116 ||   173
 Cast: Manifold Assault  |       |       |       |       |     2 |     4 |     5 |     4 |    34 ||    49
       Disjunction       |       |       |       |       |       |       |       |       |     1 ||     1
Dodge: Dodged            |       |       |       |       |       |       |       |       |     1 ||     1
